 Dungeon Crawl Stone Soup version 0.25-a0-287-g56a5b49892 (webtiles) character file.

Game seed: 16404992377467247300, levelgen mode: deterministic

36629 Bikalo the Covert (level 13, -1/58 HPs)
             Began as a Spriggan Enchanter on Dec 11, 2019.
             Was an Initiate of Gozag.
             Slain by a spiny frog (22 damage)
             ... on level 6 of the Lair of Beasts on Dec 12, 2019.
             The game lasted 00:54:57 (21348 turns).

Bikalo the Covert (Spriggan Enchanter)             Turns: 21348, Time: 00:55:00

Health: -1/58      AC:  6    Str:  5    XL:     13   Next: 54%
Magic:  12/26      EV: 27    Int: 21    God:    Gozag
Gold:   3160       SH:  9    Dex: 14    Spells: 16/28 levels left

rFire    . . .     SeeInvis +   p - +7 dagger (elec)
rCold    + . .     Gourm    .   z - +2 buckler
rNeg     . . .     Faith    .   r - +2 robe {Archmagi}
rPois    +         Spirit   .   I - +1 hat {SInv}
rElec    .         Reflect  .   s - +0 cloak
rCorr    .         Harm     .   (gloves unavailable)
MR       ++...                  (boots unavailable)
Stlth    ++++++....             n - amulet of the acrobat
HPRegen  0.19/turn              x - ring of poison resistance
MPRegen  0.20/turn              D - ring of wizardry

@: gold aura, very quick
A: very small, unfitting armour, talons 1, see invisible, clumsy 1, cold
resistance 1, herbivore, speed 3, frail 1, slow metabolism 2
a: Potion Petition, Call Merchant, Bribe Branch, Renounce Religion


You were on level 6 of the Lair of Beasts.
You worshipped Gozag.
Gozag was most pleased with you.
You were hungry.

You visited 3 branches of the dungeon, and saw 18 of its levels.

You collected 3922 gold pieces.
You spent 700 gold pieces at shops.
You paid 62 gold pieces to Gozag.

Inventory:

Hand Weapons
 p - a +7 dagger of electrocution (weapon)
Armour
 r - a +2 robe of the Archmagi (worn)
 s - a +0 cloak (worn)
 z - a +2 buckler (worn)
 I - a +1 hat of see invisible (worn)
 K - a +2 robe of cold resistance
Jewellery
 m - an uncursed ring of positive energy
 n - an amulet of the acrobat (around neck)
 x - a ring of poison resistance (left hand)
 A - an uncursed ring of protection from magic
 D - a ring of wizardry (right hand)
 J - an uncursed ring of ice
 N - a +3 ring of evasion {unknown}
 Q - a cursed ring of positive energy
Wands
 a - a wand of flame (37)
 b - a wand of paralysis (6)
 e - a wand of acid (17)
 h - a wand of disintegration (27)
 M - a wand of enslavement (8)
 O - a wand of iceblast (6)
Scrolls
 c - 22 scrolls of identify
 g - 11 scrolls of remove curse
 q - 4 scrolls of enchant armour
 t - 3 scrolls of teleportation
 u - 3 scrolls of amnesia {unknown}
 w - 3 scrolls of magic mapping
 y - 3 scrolls of enchant weapon
 B - a scroll of acquirement {unknown}
 C - a scroll of holy word {unknown}
 H - a scroll of fear {unknown}
 L - 3 scrolls of blinking
 P - a scroll of noise {unknown}
Potions
 f - 2 potions of heal wounds
 i - 5 potions of magic
 j - 3 potions of flight
 k - 3 potions of agility
 l - 5 potions of curing
 o - 3 potions of lignification
 v - 3 potions of might
 E - a potion of brilliance
 F - 4 potions of ambrosia {unknown}
 G - 2 potions of berserk rage {unknown}
Comestibles
 d - 38 rations


   Skills:
 + Level 5.7 Fighting
 - Level 9.9(10.0) Short Blades
   Level 0.3(4.7) Long Blades
 + Level 13.4 Dodging
 + Level 14.7 Stealth
 + Level 6.2 Shields
 - Level 8.1 Spellcasting
 - Level 5.0 Conjurations
 + Level 11.9 Hexes
 - Level 2.0 Ice Magic


You had 16 spell levels left.
You knew the following spells:

 Your Spells              Type           Power        Failure   Level  Hunger
a - Corona                Hex            ######.      1%          1    None
b - Ensorcelled Hibernat  Hex/Ice        ######       1%          2    None
c - Tukima's Dance        Hex            ######..     1%          3    None
d - Dazzling Flash        Conj/Hex       ######       1%          3    None
e - Confuse               Hex            ######..     1%          3    None

Your spell library contained the following spells:

 Spells                   Type           Power        Failure   Level  Hunger
 Confusing Touch          Hex            ######       1%          1    None
 Beastly Appendage        Tmut           ##....       3%          1    None
 Sticks to Snakes         Tmut           ##......     5%          2    None
 Metabolic Englaciation   Hex/Ice        ######....   6%          5    #####..
 Yara's Violent Unravell  Hex/Tmut       ######....   9%          5    #####..
 Gell's Gravitas          Tloc           ##........   11%         3    None
 Spider Form              Tmut/Pois      ##........   11%         3    None
 Ice Form                 Ice/Tmut       ###.....     22%         4    ###....
 Petrify                  Tmut/Erth      ##......     32%         4    ###....
 Blade Hands              Tmut           ##........   65%         5    #####..


Dungeon Overview and Level Annotations

Branches:
Dungeon (11/15)            Temple (1/1) D:4            Lair (6/6) D:9
 Shoals (0/4) Lair:2       Spider (0/4) Lair:3        Slime (0/5) Lair:6
    Orc: D:9-12

Altars:
Ashenzari
Cheibriados
Dithmenos
Elyvilon
Fedhas
Gozag
Hepliaklqana
Kikubaaqudgha
Makhleb
Nemelex Xobeh
Okawaru
Qazlal
Ru
Sif Muna
Trog
Uskayaw
Vehumet
Wu Jian
Xom
Yredelemnul
Zin
The Shining One
Jiyva

Shops:
D:5 *   D:7 =*?


Innate Abilities, Weirdness & Mutations

You are very small and have problems with some larger weapons.
You are too small for most types of armour.
You have supernaturally acute eyesight. (SInv)
You are a herbivore.
You cover ground extremely quickly.
You need to consume almost no food.
You have sharp toenails.
You are clumsy. (Dex -2)
Your flesh is cold resistant. (rC+)
You are frail. (-10% HP)


Message History

Confirm with . or Enter, or press ? or * to list all spells.
You feel a surge of power! The spiny frog misses you.
The basilisk gazes at you. You resist with almost no effort.
You hit the spiny frog.
The spiny frog is moderately wounded.
The spiny frog completely misses you. The basilisk gazes at you.
You resist with almost no effort.
You hit the spiny frog. You claw the spiny frog.
The spiny frog is heavily wounded.
The spiny frog becomes distracted by the nearby gold, dreaming of imaginary riches.
You hit the spiny frog but do no damage.
The spiny frog is no longer distracted by gold.
Your kick misses the spiny frog.
The spiny frog is heavily wounded.
The basilisk gazes at you. You resist with almost no effort.
The spiny frog stings you!!
You die...
Your body crumbles into a pile of gold.

........#≈≈≈##########PP.≈≈≈≈≈≈≈≈
+#P.....#≈≈P≈≈≈#####PPPPP.≈≈≈≈≈≈≈
##P.....%≈≈≈≈≈≈≈≈.≈P..}PP.≈≈P≈≈
####.....≈≈≈≈≈≈≈P≈≈≈≈}.!.PP≈≈≈≈P
...#......≈≈≈≈≈≈≈≈.P≈P|}.PP.≈P≈≈
....#...≈≈≈≈P≈≈≈≈≈≈.PPPPPP###≈≈≈
.!......≈≈≈≈≈≈≈≈≈≈≈..PP### ≈≈
........≈≈≈≈≈≈≈≈≈F≈≈≈≈≈≈≈P≈
#..##.....≈≈≈≈≈$@$P≈≈≈#≈≈≈≈≈
#.##...$.≈≈≈≈≈P≈≈≈≈####≈P≈P≈
.......<$P≈≈≈≈≈≈≈Pl≈≈###≈≈≈≈
........≈..≈≈≈≈≈≈≈≈≈≈≈# #≈≈≈
............≈≈≈≈≈≈≈≈≈≈#
.............P≈≈≈≈≈≈≈≈≈P
..........###..≈...≈≈≈PP≈
P.#.........#####.P.≈..≈≈ .
###........ ###P..


You could see a spiny frog (blind) and a basilisk (blind).

Vanquished Creatures
  Gastronok (Lair:1)
  Fannar (Lair:1)
  3 hydras (Lair:1)
  A two-headed ogre (D:9)
  A wolf spider (Lair:3)
  Joseph (Lair:1)
  4 black mambas
  A torpor snail (Lair:5)
  25 spiny frogs
  A centaur skeleton (D:10)
  4 komodo dragons
  5 polar bears
  3 meliai (Lair:4)
  2 jumping spiders (Lair:3)
  A queen bee (Lair:4)
  A snapping turtle (Lair:2)
  4 tyrant leeches
  3 hippogriffs
  20 blink frogs
  A spriggan (Lair:5)
  Sigmund (D:3)
  13 yaks
  2 basilisks
  2 wyverns
  6 vampire mosquitoes
  4 water moccasins
  7 porcupines
  A sky beast (D:5)
  4 orc warriors
  An ice beast (D:9)
  3 black bears
  3 phantoms
  31 wolves
  5 crocodiles
  6 ogres
  6 centaurs
  19 bullfrogs
  A gnoll sergeant (D:9)
  28 killer bees
  2 wights (D:7)
  An electric eel (Lair:6)
  A howler monkey (D:4)
  2 crimson imps
  4 bullfrog skeletons
  3 orc priests
  A hound (D:8)
  A jelly (D:8)
  10 orc wizards
  3 iguanas
  A worker ant (D:10)
  A worker ant zombie (D:7)
  8 gnolls
  12 adders
  A shadow imp (D:10)
  3 adder skeletons
  An adder zombie (D:8)
  2 worms
  3 dart slugs
  A leopard gecko (D:3)
  37 orcs
  4 ball pythons
  5 giant cockroaches
  3 goblins (D:3)
  6 hobgoblins
  3 jackals (D:2)
  10 kobolds
  3 quokkas
  8 bats
  4 frilled lizards
  A giant cockroach zombie (D:5)
  2 leopard gecko zombies
  A quokka skeleton (D:4)
  A quokka zombie (D:5)
  6 rats
381 creatures vanquished.

Vanquished Creatures (collateral kills)
  Edmund (D:6)
  2 wights (D:7)
3 creatures vanquished.

Vanquished Creatures (others)
  A dancing weapon (D:4)
  An orc warrior (D:9)
  9 fungi
  10 plants
21 creatures vanquished.

Grand Total: 405 creatures vanquished

Notes
Turn   | Place    | Note
-------+----------+-------------------------------------------
     0 | D:1      | Bikalo the Spriggan Enchanter began the quest for the Orb.
     0 | D:1      | Reached XP level 1. HP: 9/9 MP: 5/5
   283 | D:1      | Reached XP level 2. HP: 8/13 MP: 6/6
  1435 | D:1      | Learned a level 2 spell: Ensorcelled Hibernation
  2180 | D:2      | Reached skill level 5 in Stealth
  2180 | D:2      | Reached XP level 3. HP: 16/16 MP: 8/8
  2451 | D:2      | Reached XP level 4. HP: 21/21 MP: 9/9
  2713 | D:2      | Learned a level 3 spell: Tukima's Dance
  2979 | D:3      | Reached skill level 1 in Ice Magic
  3043 | D:3      | Noticed Sigmund
  3125 | D:3      | Killed Sigmund
  3125 | D:3      | Reached XP level 5. HP: 19/24 MP: 2/10
  3399 | D:3      | Reached skill level 6 in Stealth
  3791 | D:4      | Reached XP level 6. HP: 16/28 MP: 10/12
  4001 | D:4      | Learned a level 3 spell: Dazzling Flash
  4338 | D:4      | Reached skill level 5 in Dodging
  4338 | D:4      | Reached skill level 5 in Hexes
  4418 | D:4      | Found a staircase to the Ecumenical Temple.
  4446 | Temple   | Entered the Ecumenical Temple
  4590 | Temple   | Became a worshipper of Gozag Ym Sagoz the Greedy
  5140 | D:4      | Reached XP level 7. HP: 23/32 MP: 13/13
  5229 | D:4      | Found an iron altar of Okawaru.
  5232 | D:4      | Found a snail-covered altar of Cheibriados.
  5238 | D:4      | Reached skill level 1 in Conjurations
  5244 | D:4      | Found a basalt altar of Yredelemnul.
  5319 | D:5      | Entered Level 5 of the Dungeon
  5376 | D:5      | Reached skill level 7 in Stealth
  5728 | D:5      | Found Iqeu's General Store.
  5734 | D:5      | Bought a scroll of identify for 24 gold pieces
  5734 | D:5      | Bought a scroll of magic mapping for 42 gold pieces
  5734 | D:5      | Bought a scroll of enchant armour for 90 gold pieces
  5739 | D:5      | Gained mutation: You have sharp toenails. [potion of
                  | mutation]
  5739 | D:5      | Gained mutation: You are clumsy. (Dex -2) [potion of
                  | mutation]
  5739 | D:5      | Gained mutation: You are frail. (-10% HP) [potion of
                  | mutation]
  5739 | D:5      | Gained mutation: Your flesh is cold resistant. (rC+)
                  | [potion of mutation]
  6210 | D:5      | Reached XP level 8. HP: 32/32 MP: 16/16
  6886 | D:6      | Noticed Edmund
  6900 | D:6      | Killed Edmund
  6900 | D:6      | Reached skill level 5 in Spellcasting
  7111 | D:6      | Reached skill level 8 in Stealth
  7468 | D:6      | Reached skill level 5 in Short Blades
  7726 | D:7      | Noticed a hornet
  7751 | D:7      | Found Gyomeige's Magic Scroll Shop.
  7758 | D:7      | Found an ancient bone altar of Kikubaaqudgha.
  7861 | D:7      | Bought a scroll of enchant weapon for 97 gold pieces
  7861 | D:7      | Bought a scroll of enchant armour for 97 gold pieces
  7867 | D:7      | Found a sacrificial altar of Ru.
  8103 | D:7      | Found a shimmering blue altar of Sif Muna.
  8140 | D:7      | Found Lidgha's Jewellery Emporium.
  8148 | D:7      | Bought an uncursed ring of protection from magic for 350
                  | gold pieces
  8186 | D:7      | Found Myuziz's General Store.
  8676 | D:7      | Reached skill level 9 in Stealth
  8713 | D:7      | Reached XP level 9. HP: 34/35 MP: 19/19
  8917 | D:8      | Reached skill level 1 in Shields
 10132 | D:9      | Reached skill level 10 in Stealth
 10338 | D:9      | Found a staircase to the Lair.
 10648 | D:9      | Reached XP level 10. HP: 39/39 MP: 11/22
 10667 | D:9      | Noticed a two-headed ogre
 10679 | D:9      | Killed a two-headed ogre
 10773 | D:10     | Entered Level 10 of the Dungeon
 12012 | D:11     | Noticed a cyan ugly thing
 12310 | Lair:1   | Entered Level 1 of the Lair of Beasts
 12310 | Lair:1   | Noticed a four-headed hydra
 12315 | Lair:1   | Killed a four-headed hydra
 12369 | Lair:1   | Reached skill level 11 in Stealth
 12387 | Lair:1   | Noticed a four-headed hydra
 12397 | Lair:1   | Killed a four-headed hydra
 12397 | Lair:1   | Reached skill level 1 in Fighting
 12397 | Lair:1   | Reached skill level 10 in Dodging
 12402 | Lair:1   | Noticed a spiny frog
 12408 | Lair:1   | Killed a spiny frog
 12862 | Lair:1   | Reached XP level 11. HP: 31/44 MP: 12/24
 12988 | Lair:1   | Noticed Gastronok
 13007 | Lair:1   | Noticed Fannar
 13600 | Lair:1   | Killed Gastronok
 13600 | Lair:1   | Reached skill level 12 in Stealth
 13875 | Lair:1   | Killed Fannar
 13914 | Lair:1   | Noticed Joseph
 13916 | Lair:1   | Noticed a five-headed hydra
 13966 | Lair:1   | Killed Joseph
 13966 | Lair:1   | Reached skill level 10 in Hexes
 14408 | Lair:1   | Killed a five-headed hydra
 14862 | Lair:2   | Found a staircase to the Shoals.
 14991 | Lair:2   | Learned a level 3 spell: Confuse
 15364 | Lair:2   | Reached XP level 12. HP: 50/50 MP: 25/25
 15861 | Lair:3   | Reached skill level 13 in Stealth
 16133 | Lair:3   | Found a hole to the Spider Nest.
 16254 | Lair:3   | Reached skill level 5 in Shields
 17775 | Lair:5   | Reached skill level 5 in Conjurations
 17990 | Lair:5   | Reached XP level 13. HP: 56/56 MP: 17/26
 18515 | Lair:6   | Entered Level 6 of the Lair of Beasts
 18547 | Lair:5   | Reached skill level 5 in Fighting
 18547 | Lair:5   | Reached skill level 14 in Stealth
 20581 | Lair:4   | Upgraded the game from 0.25-a0-283-ge7e91ba8d0 to
                  | 0.25-a0-287-g56a5b49892
 21003 | Lair:6   | Found a viscous altar of Jiyva.
 21003 | Lair:6   | Found a staircase to the Slime Pits.
 21348 | Lair:6   | Slain by a spiny frog

Levels and vault maps discovered:
D:1:      ncdulo_lavacross, layout_basic, minmay_vboxes
D:2:      layout_basic, first_ration, minmay_ruptured
D:3:      layout_basic, uniq_sigmund
D:4:      layout_loops_ring, grunt_temple_overflow_diamond, temple_statues
D:5:      layout_basic, serial_shops, nicolae_shop_trees
D:6:      layout_cave_pools, dk_noncrumbling_2, uniq_edmund
D:7:      layout_loops_cross, grunt_temple_overflow_open, serial_shops,
          nicolae_shop_behind_doors, nicolae_shop_crystal, shop,
          kennysheep_generic_room_10
D:8:      nicolae_whirlpool, layout_rooms
D:9:      layout_small_grid, dpeg_oklobed_lair
D:10:     lemuel_ice_spiral_2, layout_basic
D:11:     layout_loops_ring, david_orc_3, blue_anna_alchemist
          [blue_anna_fruit_fields, blue_anna_fruit_fields], uniq_erolcha
Temple:   regret_index_temple_sphere_string
Lair:1:   layout_hall_layers, grunt_forest_large_clearings, uniq_fannar,
          uniq_joseph, uniq_gastronok
Lair:2:   layout_cave_pods, minmay_shoals_entry_hut
Lair:3:   layout_chaotic_city, spider_nest_entry_funnel_web
Lair:4:   layout_roguey [special_room_bee]
Lair:5:   layout_roguey, minivault_25, grunt_forest_stairs_clearing,
          infiniplex_staircase_pool_2, serial_bayou_shore_a
Lair:6:   minmay_lair_end_frog_pond, layout_regular_city, slime_altar_1,
          grunt_forest_stairs_basic, eino_small_chamber_without_monster,
          ice2_lemuel

Skill      XL: |  1  2  3  4  5  6  7  8  9 10 11 12 13 |
---------------+----------------------------------------+-----
Hexes          | 4 5 6 8 9 10 11 | 11.9
Stealth        | 5 6 7 9 10 11 12 13 14 | 14.7
Short Blades   | 2 3 4 5 6 7 8 9 |  9.9
Dodging        | 4 5 6 7 9 10 11 12 13 | 13.4
Ice Magic      | 1 2 |  2.0
Spellcasting   | 3 4 6 7 8 |  8.1
Conjurations   | 1 2 4 5 |  5.0
Shields        | 2 3 4 5 6 |  6.2
Fighting       | 1 3 4 5 |  5.7
Long Blades    | |  0.3

Action                   |  1- 3 |  4- 6 |  7- 9 | 10-12 | 13-15 || total
-------------------------+-------+-------+-------+-------+-------++-------
Melee: Dagger            |   136 |    93 |   284 |   409 |   166 ||  1088
       Long sword        |     1 |    24 |       |       |       ||    25
       Kick              |       |       |    38 |    42 |    27 ||   107
 Cast: Ensorcelled Hiber |     7 |     2 |    20 |    95 |    37 ||   161
       Corona            |     6 |     1 |       |     1 |     1 ||     9
       Tukima's Dance    |       |     5 |     6 |     2 |       ||    13
       Dazzling Flash    |       |     6 |    18 |    39 |    34 ||    97
       Confuse           |       |       |       |     7 |     8 ||    15
  Use: Scroll            |       |       |    10 |       |     2 ||    12
       Potion            |       |       |     9 |     1 |     2 ||    12
 Stab: Sleeping          |    10 |    16 |    29 |    67 |    22 ||   144
       Distracted        |     1 |       |     3 |     5 |     1 ||    10
       Invisible         |       |     2 |    14 |    34 |    12 ||    62
       Confused          |       |       |       |     4 |     6 ||    10
  Eat: Ration            |       |     2 |     3 |     3 |     2 ||    10
Armor: Robe              |    15 |     7 |    12 |    15 |     3 ||    52
Dodge: Dodged            |   152 |   103 |   167 |   354 |   221 ||   997
Block: Buckler           |       |       |    28 |   190 |   100 ||   318
       Rpst.: Long sword |     1 |     5 |       |       |       ||     6

Table legend:
 A = Non-vault XP
 B = Vault XP
 C = Vault XP percentage of total XP
 D = Non-vault monster count
 E = Vault monster count
 F = Vault count percentage of total count
                 A         B        C        D         E       F
            +---------+---------+-------+---------+---------+-------
      Total |   27571 |   24757 |  47.3 |     259 |     126 |  32.7
            +---------+---------+-------+---------+---------+-------
        D:1 |      22 |      12 |  35.3 |      11 |       6 |  35.3
        D:2 |      84 |       2 |   2.3 |      21 |       1 |   4.5
        D:3 |      45 |     171 |  79.2 |      23 |       1 |   4.2
        D:4 |     524 |       0 |   0.0 |      25 |       0 |   0.0
        D:5 |     626 |       0 |   0.0 |      20 |       0 |   0.0
        D:6 |     751 |     152 |  16.8 |      10 |       1 |   9.1
        D:7 |     697 |      93 |  11.8 |      23 |       2 |   8.0
        D:8 |    1125 |     110 |   8.9 |      14 |       1 |   6.7
        D:9 |    2202 |     475 |  17.7 |      30 |       4 |  11.8
       D:10 |     579 |       0 |   0.0 |       5 |       0 |   0.0
     Lair:1 |    4796 |    7105 |  59.7 |      12 |      29 |  70.7
     Lair:2 |    2376 |     268 |  10.1 |       9 |       1 |  10.0
     Lair:3 |    4277 |    1141 |  21.1 |      16 |       3 |  15.8
     Lair:4 |    3536 |    2568 |  42.1 |      15 |      26 |  63.4
     Lair:5 |    5044 |    6990 |  58.1 |      22 |      28 |  56.0
     Lair:6 |     887 |    5670 |  86.5 |       3 |      23 |  88.5
            +---------+---------+-------+---------+---------+-------
